 Dungeon Crawl Stone Soup version 0.30.1-4-g462c640d31 (webtiles) character file.

Game seed: 3890216124476187285

174 Graphine the Insei (level 5, -1/41 HPs)
             Began as a Draconian Transmuter on Aug 26, 2023.
             Killed by nerve-wracking pain
             ... invoked by an orc priest
              (12 damage)
             ... on level 3 of the Dungeon.
             The game lasted 00:08:16 (2024 turns).

Graphine the Insei (Draconian Transmuter)           Turns: 2024, Time: 00:08:18

Health: -1/41      AC:  5    Str: 12    XL:     5   Next: 28%
Magic:  3/8        EV: 12    Int: 15    God:
Gold:   79         SH:  0    Dex: 18    Spells: 2/9 levels left

rFire   . . .        d - +1 short sword
rCold   . . .        (no shield)
rNeg    . . .        (body armour unavailable)
rPois   .            (helmet restricted)
rElec   .            (no cloak)
rCorr   .            (no gloves)
SInv    .            (no boots)
Will    .....        (no amulet)
Stlth   ++           e - +6 ring of dexterity
HPRegen 0.26/turn    (no ring)
MPRegen 0.11/turn

%: no passive effects
@: wereblooded
A: AC +5, unfitting armour, cold-blooded
a: no special abilities


You were on level 3 of the Dungeon.
You visited 1 branch of the dungeon, and saw 3 of its levels.

You collected 79 gold pieces.

Inventory:

Hand Weapons
 d - a +1 short sword (weapon)
Magical Staves
 k - a staff of death
 m - a staff of earth
Jewellery
 e - a +6 ring of dexterity (left hand)
Wands
 h - a wand of flame (16)
Scrolls
 l - 2 scrolls of amnesia
Potions
 a - a potion of lignification
 b - a potion of haste {unknown}
 c - a potion of flight {unknown}
 f - a potion of heal wounds {unknown}
 g - a potion of brilliance {unknown}
 i - a potion of degeneration {unknown}
 j - a potion of mutation {unknown}
 n - a potion of attraction {unknown}
 o - a potion of berserk rage {unknown}
 p - a potion of invisibility {unknown}


   Skills:
 + Level 2.3 Fighting
 + Level 2.2 Dodging
 * Level 3.8 Unarmed Combat
 + Level 2.5 Spellcasting
 * Level 3.0 Transmutations
 * Level 2.0 Ice Magic


You had 2 spell levels left.
You knew the following spells:

 Your Spells              Type           Power      Damage    Failure   Level
a - Beastly Appendage     Tmut           22%        N/A       6%          1
b - Wereblood             Tmut           11%        N/A       9%          2
c - Ice Form              Ice/Tmut       9%         N/A       58%         4

Your spell library contained the following spells:

 Spells                   Type           Power      Damage    Failure   Level
 Freeze                   Ice            32%        1d5       9%          1
 Lesser Beckoning         Tloc           2%         N/A       32%         2
 Frozen Ramparts          Ice            16%        1d3       26%         3
 Spider Form              Tmut/Pois      6%         N/A       32%         3
 Hailstorm                Conj/Ice       4%         3d4       38%         3
 Gell's Gravitas          Tloc           1%         N/A       54%         3
 Teleport Other           Tloc           1%         N/A       54%         3


Dungeon Overview and Level Annotations

Branches:
Dungeon (3/15)

Altars:


Innate Abilities, Weirdness & Mutations

Your plain brown scales are hard. (AC +5)
You cannot fit into any form of body armour.
You are cold-blooded and may be slowed by cold attacks.


Message History

The orc is almost dead.
The orc hits you but does no damage.
You closely miss the orc. You tail-slap the orc.
You feel a bit better.
You kill the orc!
Your transformation is almost over.
Things that are here:
a +0 club; a +0 short sword; an orc corpse The orc priest barely misses you.
The orc shouts!
You hit the orc priest. You headbutt the orc priest.
You tail-slap the orc priest, but do no damage.
The orc priest is moderately wounded.
The orc priest closely misses you.
You hit the orc priest but do no damage.
The orc priest is moderately wounded.
The orc hits you with a +0 short sword.
The orc priest calls down the wrath of Beogh upon you.
Beogh smites you!
You hit the orc priest. Your kick misses the orc priest.
Your tail-slap misses the orc priest.
The orc priest is heavily wounded.
The orc hits you but does no damage. The orc priest closely misses you.
You barely miss the orc priest.
You claw the orc priest, but do no damage.
Your tail-slap misses the orc priest.
The orc priest is heavily wounded.
You howl as the wereblood boils in your veins!
Your horns disappear.
Your talons disappear.
The orc hits you with a +0 short sword.
The orc priest hits you with a +0 flail.
You barely miss the orc priest.
The orc priest is heavily wounded.
The orc hits you but does no damage. The orc priest barely misses you.
You hit the orc priest.
The orc priest is severely wounded.
The orc hits you with a +0 short sword.
* * * LOW HITPOINT WARNING * * *
The orc priest mumbles some strange prayers to Beogh against you.
Pain shoots through your body!
You die...

#.# #...#..... #.
.. #.### ##### #
## #.# #.# ## #.#
....###.#########
#..............
#.###)#########
#...@o....#
###..o......
.......#.##
###.....#
#......# #####.##
#.# #.


You could see an orc priest and an orc.

Vanquished Creatures
  7 gnolls
  3 adders (D:3)
  3 dart slugs
  2 orcs (D:3)
  4 ball pythons
  3 bats
  5 endoplasms
  3 giant cockroaches
  4 goblins (D:1)
  10 hobgoblins
  2 jackals (D:1)
  10 kobolds
  A quokka (D:2)
  9 frilled lizards (D:1)
  6 rats
72 creatures vanquished.

Notes
Turn   | Place    | Note
-------+----------+-------------------------------------------
     0 | D:1      | Graphine the Draconian Transmuter began the quest for the
                  | Orb.
     0 | D:1      | Reached XP level 1. HP: 16/16 MP: 3/3
   177 | D:1      | Reached XP level 2. HP: 23/23 MP: 3/5
   185 | D:1      | Learned a level 2 spell: Wereblood
   411 | D:1      | Reached XP level 3. HP: 29/29 MP: 3/6
  1094 | D:2      | Reached skill level 1 in Ice Magic
  1124 | D:2      | Reached XP level 4. HP: 9/36 MP: 3/7
  1384 | D:2      | Found a faded altar of an unknown god.
  1678 | D:2      | Learned a level 4 spell: Ice Form
  1929 | D:3      | Reached XP level 5. HP: 41/41 MP: 4/8
  2024 | D:3      | Killed from afar by an orc priest

Illustrated notes

Levels and vault maps discovered:
D:1:      sevenhm_arrival_forest_fort_large_4, layout_rooms, serial_glass,
          glass_columns_b, glass_columns_b, glass_columns_b, glass_columns_b,
          st_stairs_1, lexackson_kobold_supper
D:2:      layout_loops_ring, hellmonk_ecumenical_altar_run_dry
D:3:      layout_loops_ring, ebering_ghost_disaster_area

Skill      XL: |  1  2  3  4  5 |
---------------+----------------+-----
Dodging        | 2 |  2.2
Ice Magic      | 1 2 |  2.0
Fighting       | 2 |  2.3
Transmutations | 3 |  3.0
Unarmed Combat | |  3.8
Spellcasting   | |  2.5

Action                     |  1- 3 |  4- 6 || total
---------------------------+-------+-------++-------
  Melee: Unarmed           |    53 |       ||    53
         Headbutt          |    11 |    10 ||    21
         Kick              |    15 |    12 ||    27
         Tailslap          |     3 |    11 ||    14
         Punch             |     3 |     2 ||     5
         Short sword       |    45 |    65 ||   110
   Cast: Beastly Appendage |    18 |    11 ||    29
         Wereblood         |    10 |    12 ||    22
    Use: Scroll            |     2 |     4 ||     6
   Stab: Sleeping          |     1 |     2 ||     3
 Armour: Skin              |    36 |    17 ||    53
  Dodge: Dodged            |    57 |    48 ||   105
